 Dungeon Crawl Stone Soup version 0.31-a0-233-g139696dc86 (webtiles) character file.

Game seed: 3398868411153896012

2710 zazu2006 the Insei (level 9, -6/71 HPs)
             Began as a Gnoll Wanderer on July 9, 2023.
             Was an Initiate of Vehumet.
             Killed from afar by an electric eel (9 damage)
             ... with a bolt of electricity
             ... on level 7 of the Dungeon.
             The game lasted 00:16:53 (6373 turns).

zazu2006 the Insei (Gnoll Wanderer)                 Turns: 6373, Time: 00:16:57

Health: -6/71      AC: 10    Str: 12    XL:     9   Next: 66%
Magic:  15/17      EV: 13    Int: 14    God:    Vehumet [......]
Gold:   432        SH:  5    Dex: 13    Spells: 18/19 levels left

rFire   . . .        t - +1 falchion (elec)
rCold   . . .        (no shield)
rNeg    . . .        e - +0 leather armour
rPois   .            (no helmet)
rElec   .            x - +2 cloak
rCorr   .            w - +2 pair of gloves
SInv    .            (no boots)
Will    .....        g - amulet of reflection
Stlth   +++          (no ring)
HPRegen 0.31/turn    (no ring)
MPRegen 0.15/turn

%: reflection
@: attractive
A: fangs 1, strong nose, distributed training
a: Renounce Religion


You were on level 7 of the Dungeon.
You worshipped Vehumet.
Vehumet was noncommittal.
You visited 1 branch of the dungeon, and saw 7 of its levels.
You also visited: Ossuary.

You collected 460 gold pieces.
You spent 28 gold pieces at shops.

Inventory:

Hand Weapons
 a - a +0 dagger
 j - a +0 whip of venom
 t - a +1 falchion of electrocution (weapon)
Missiles
 b - 18 poisoned darts (quivered)
 y - 2 throwing nets
Armour
 e - a +0 leather armour (worn)
 w - a +2 pair of gloves (worn)
 x - a +2 cloak (worn)
Jewellery
 g - an amulet of reflection (around neck)
Wands
 s - a wand of flame (27)
 F - a wand of light (4)
Scrolls
 c - 2 scrolls of vulnerability
 f - a scroll of blinking {unknown}
 i - 3 scrolls of poison {unknown}
 k - 3 scrolls of teleportation
 m - 2 scrolls of acquirement
 o - a scroll of brand weapon
 p - a scroll of revelation
 q - a scroll of fog
 u - 3 scrolls of fear {unknown}
 v - 2 scrolls of amnesia {unknown}
 C - 2 scrolls of identify
Potions
 d - 4 potions of brilliance
 h - a potion of enlightenment
 l - 4 potions of might
 n - a potion of invisibility
 r - 2 potions of lignification
 A - 3 potions of resistance
 B - a potion of curing
 D - 2 potions of magic
 E - a potion of mutation


   Skills:
 + Level 6.6 Fighting
 + Level 4.6 Short Blades
 + Level 4.6 Long Blades
 + Level 4.6 Axes
 + Level 4.6 Maces & Flails
 + Level 4.6 Polearms
 + Level 4.6 Staves
 + Level 4.6 Ranged Weapons
 + Level 6.6 Throwing
 + Level 4.6 Armour
 + Level 4.6 Dodging
 + Level 5.2 Stealth
 + Level 4.6 Shields
 + Level 6.6 Unarmed Combat
 + Level 5.5 Spellcasting
 + Level 3.8 Conjurations
 + Level 3.8 Hexes
 + Level 3.8 Summonings
 + Level 3.8 Necromancy
 + Level 3.8 Translocations
 + Level 3.8 Transmutations
 + Level 3.8 Fire Magic
 + Level 3.8 Ice Magic
 + Level 3.8 Air Magic
 + Level 3.8 Earth Magic
 + Level 5.4 Poison Magic
 + Level 5.1 Invocations
 + Level 4.6 Evocations


You had 18 spell levels left.
You knew the following spells:

 Your Spells              Type           Power      Damage    Failure   Level
a - Sting                 Tmut/Pois      64%        1d6       3%          1

Your spell library contained the following spells:

 Spells                   Type           Power      Damage    Failure   Level
 Apportation              Tloc           28%        N/A       4%          1
 Beastly Appendage        Tmut           28%        N/A       4%          1
 Necrotise                Necr           56%        1d6       4%          1
 Slow                     Hex            56%        N/A       4%          1
 Summon Small Mammal      Summ           56%        N/A       4%          1
 Wereblood                Tmut           14%        N/A       7%          2
 Spider Form              Tmut/Pois      16%        N/A       10%         3
 Confusing Touch          Hex            14%        N/A       13%         3
 Vampiric Draining        Necr           14%        2d7       13%         3
 Olgreb's Toxic Radiance  Pois           19%        N/A       22%         4


Dungeon Overview and Level Annotations

Branches:
Dungeon (7/15)             Temple (0/1) D:7         Ossuary (visited)

Altars:
Nemelex Xobeh
Ru
Uskayaw
Vehumet
Xom
The Shining One

Shops:
D:5 *   D:6 (

Annotations:
D:3 2 transporters


Innate Abilities, Weirdness & Mutations

You have very sharp teeth.
Your uncanny sense of smell can sniff out nearby items.
Your experience applies equally to all skills.


Message History

The electric eel shoots out a bolt of lightning at you!
The bolt of electricity hits you! The bolt of electricity misses you.
The bolt of electricity hits the electric eel.
The electric eel completely resists.
Casting: Sting (safe; 3% risk of failure)
Confirm with . or Enter, or press ? or * to list all spells.
Aiming: Sting (safe; 3% risk of failure)
Press: ? - help, Shift-Dir - straight line, f/p - electric eel
Aim: an electric eel (lightly wounded, 57% to hit)
The sting misses the electric eel.
Unknown command.
Casting: Sting (safe; 3% risk of failure)
Confirm with . or Enter, or press ? or * to list all spells.
Aiming: Sting (safe; 3% risk of failure)
Press: ? - help, Shift-Dir - straight line, f/p - electric eel
Aim: an electric eel (lightly wounded, 57% to hit)
The sting hits the electric eel.
The electric eel is poisoned.
The electric eel is lightly wounded.
The electric eel shoots out a bolt of lightning at you!
The bolt of electricity hits you! x2
* * * LOW HITPOINT WARNING * * *
The bolt of electricity hits the electric eel.
The electric eel completely resists.
The electric eel shoots out a bolt of lightning at you!
The bolt of electricity hits the electric eel.
The electric eel completely resists.
The bolt of electricity hits you!
* * * LOW HITPOINT WARNING * * *
The electric eel shoots out a bolt of lightning at you!
The bolt of electricity hits you!
* * * LOW HITPOINT WARNING * * *
Okay, then.
Okay, then.
It was a potion of attraction.
You feel attractive to monsters.
The electric eel shoots out a bolt of lightning at you!
The bolt of electricity hits the electric eel.
The electric eel completely resists.
The bolt of electricity misses you.
The electric eel shoots out a bolt of lightning at you!
The bolt of electricity hits you!
You die...

≈≈≈≈≈≈~P♣..#.#.....##.##.#
≈≈≈≈≈~~♣~#.#.#.....##.##.#
≈≈S≈≈~≈♣♣♣#......_........#
≈≈≈≈≈≈P~ #..##÷....#.###.#
≈≈≈≈≈≈≈~ ♣...##.....#.# #+#
≈≈≈≈≈~~~♣♣##.####.###.#
≈≈≈≈≈PP♣~~##.####.....#
≈≈≈≈≈~~♣~.##......#####
♣~≈P~~~♣S.@'...+..#
♣~S♣.##...####
~~~~~~~♣♣###...# ~♣P~♣~♣
##### ~~~~P~ P ♣~P ~PP~
~♣♣~ P~


You could see 2 electric eels.

Vanquished Creatures
  Grinder (D:4)
  Menkaure (D:4)
  A water moccasin (D:5)
  A hornet zombie (Ossuary)
  An orc warrior (D:6)
  An ice beast (D:6)
  A sky beast (D:7)
  2 black bears
  2 ogres
  2 centaurs (D:6)
  A bullfrog (D:5)
  2 scorpions (D:6)
  3 electric eels (D:7)
  4 bullfrog zombies (Ossuary)
  5 centaur zombies (Ossuary)
  2 hounds
  3 orc priests
  7 orc wizards
  4 iguanas
  12 mummies
  A howler monkey zombie (Ossuary)
  8 adders
  A shadow imp (D:5)
  2 white imps
  3 dart slugs
  18 orcs
  6 endoplasms
  5 giant cockroaches
  3 goblins
  6 hobgoblins
  6 jackals
  8 kobolds
  3 quokkas
  3 ball pythons
  7 bats
  2 frilled lizards
  8 rats
146 creatures vanquished.

Notes
Turn   | Place    | Note
-------+----------+-------------------------------------------
     0 | D:1      | zazu2006 the Gnoll Wanderer began the quest for the Orb.
     0 | D:1      | zazu2006 set off with the following items: a +0 dagger, 10
                  | poisoned darts, a scroll of vulnerability, a potion of
                  | brilliance, a +0 leather armour; and the following spell
                  | memorised: Sting; and the following spells available to
                  | memorise: Spider Form, Olgreb's Toxic Radiance.
     0 | D:1      | Reached XP level 1. HP: 20/20 MP: 4/4
    74 | D:1      | Reached XP level 2. HP: 26/26 MP: 2/5
   386 | D:1      | Reached XP level 3. HP: 31/31 MP: 7/7
   736 | D:1      | Reached skill level 1 in Invocations
  1297 | D:2      | Reached skill level 1 in Short Blades
  1297 | D:2      | Reached skill level 1 in Long Blades
  1297 | D:2      | Reached skill level 1 in Axes
  1297 | D:2      | Reached skill level 1 in Maces & Flails
  1297 | D:2      | Reached skill level 1 in Polearms
  1297 | D:2      | Reached skill level 1 in Staves
  1297 | D:2      | Reached skill level 1 in Ranged Weapons
  1297 | D:2      | Reached skill level 1 in Armour
  1297 | D:2      | Reached skill level 1 in Dodging
  1297 | D:2      | Reached skill level 1 in Shields
  1297 | D:2      | Reached skill level 1 in Evocations
  1626 | D:3      | Reached skill level 1 in Conjurations
  1626 | D:3      | Reached skill level 1 in Hexes
  1626 | D:3      | Reached skill level 1 in Summonings
  1626 | D:3      | Reached skill level 1 in Necromancy
  1626 | D:3      | Reached skill level 1 in Translocations
  1626 | D:3      | Reached skill level 1 in Transmutations
  1626 | D:3      | Reached skill level 1 in Fire Magic
  1626 | D:3      | Reached skill level 1 in Ice Magic
  1626 | D:3      | Reached skill level 1 in Air Magic
  1626 | D:3      | Reached skill level 1 in Earth Magic
  1626 | D:3      | Reached XP level 4. HP: 23/38 MP: 3/8
  1857 | D:3      | Reached XP level 5. HP: 43/43 MP: 6/9
  1965 | D:3      | Found a hide-covered altar of Uskayaw.
  2038 | D:3      | Found a transporter.
  2171 | D:3      | Found a transporter.
  2414 | D:4      | Noticed Menkaure
  2423 | D:4      | Killed Menkaure
  2424 | D:4      | Reached skill level 5 in Fighting
  2424 | D:4      | Reached skill level 5 in Throwing
  2424 | D:4      | Reached skill level 5 in Unarmed Combat
  2424 | D:4      | Reached XP level 6. HP: 51/51 MP: 9/11
  2565 | D:4      | Noticed Grinder
  2586 | D:4      | Killed Grinder
  2587 | D:4      | Reached XP level 7. HP: 18/56 MP: 12/12
  3208 | D:5      | Entered Level 5 of the Dungeon
  3212 | D:5      | Identified 2 scrolls of acquirement
  3297 | D:5      | Found a sand-covered staircase.
  3304 | D:5      | Reached XP level 8. HP: 61/63 MP: 14/14
  3308 | Ossuary  | Entered an ossuary
  4012 | D:5      | Found Cuohodd's General Store.
  4017 | D:5      | Bought a scroll of identify for 28 gold pieces
  4118 | D:5      | Reached skill level 5 in Poison Magic
  4280 | D:5      | Identified the +2 halberd "Vaiqyf Soywk" {heavy, rN+}
  4304 | D:5      | Reached XP level 9. HP: 69/69 MP: 13/16
  4532 | D:6      | Found a sparkling altar of Nemelex Xobeh.
  4597 | D:6      | Found a sacrificial altar of Ru.
  4609 | D:6      | Reached skill level 5 in Spellcasting
  4876 | D:6      | Reached skill level 5 in Stealth
  4946 | D:6      | Found Ekleergh's Hydra Hut.
  4956 | D:6      | Noticed an eight-headed hydra
  5338 | D:6      | Found a glowing golden altar of the Shining One.
  5338 | D:6      | Found a radiant altar of Vehumet.
  5379 | D:6      | Paralysed by an orc warrior for 3 turns
  5613 | D:7      | Reached skill level 5 in Invocations
  5733 | D:7      | Found a shimmering altar of Xom.
  5828 | D:6      | Became a worshipper of Vehumet
  5850 | D:7      | Found a staircase to the Ecumenical Temple.
  6372 | D:7      | HP: 3/71 [electric eel/bolt of electricity (10)]
  6373 | D:7      | Killed from afar by an electric eel

Illustrated notes

Levels and vault maps discovered:
D:1:      psy_arrival_fountain, layout_rooms
D:2:      layout_loops_ring, minmay_misc_feat_encased, item_on_display_a
D:3:      layout_basic, mainiacjoe_overflow_brackets,
          gammafunk_ghost_gnarly_gnolls, skrybe_limestone_x, st_stairs_4
D:4:      layout_loops_cross, minivault_5, uniq_grinder, uniq_menkaure
D:5:      layout_rooms, gup_ossuary_entry_pyramid, serial_shops,
          kennysheep_little_box
D:6:      layout_basic, gammafunk_temple_overflow_elements,
          mainiacjoe_overflow_cross_hatched, general_overflow_altar,
          minmay_fountain_box, doesnt_shop_hydraphobe
D:7:      layout_basic, nicolae_overflow_crystal_walls, lemuel_round_altar,
          lemuel_tele_altar, serial_shops,
          nicolae_shop_temple_entry_statues_fountains, serial_bayou_lake_a

Skill      XL: |  1  2  3  4  5  6  7  8  9 |
---------------+----------------------------+-----
Invocations    | 1 2 3 4 5 |  5.1
Short Blades   | 1 2 3 4 |  4.6
Long Blades    | 1 2 3 4 |  4.6
Axes           | 1 2 3 4 |  4.6
Maces & Flails | 1 2 3 4 |  4.6
Polearms       | 1 2 3 4 |  4.6
Staves         | 1 2 3 4 |  4.6
Ranged Weapons | 1 2 3 4 |  4.6
Armour         | 1 2 3 4 |  4.6
Dodging        | 1 2 3 4 |  4.6
Shields        | 1 2 3 4 |  4.6
Evocations     | 1 2 3 4 |  4.6
Spellcasting   | 3 4 5 |  5.5
Conjurations   | 1 2 3 |  3.8
Hexes          | 1 2 3 |  3.8
Summonings     | 1 2 3 |  3.8
Necromancy     | 1 2 3 |  3.8
Translocations | 1 2 3 |  3.8
Transmutations | 1 2 3 |  3.8
Fire Magic     | 1 2 3 |  3.8
Ice Magic      | 1 2 3 |  3.8
Air Magic      | 1 2 3 |  3.8
Earth Magic    | 1 2 3 |  3.8
Poison Magic   | 4 5 |  5.4
Fighting       | 5 6 |  6.6
Throwing       | 5 6 |  6.6
Stealth        | 3 4 5 |  5.2
Unarmed Combat | 5 6 |  6.6

Action                     |  1- 3 |  4- 6 |  7- 9 || total
---------------------------+-------+-------+-------++-------
  Melee: Dagger            |    62 |       |       ||    62
         Bite              |     3 |     9 |    38 ||    50
         Whip              |    27 |       |       ||    27
         Punch             |     1 |     1 |    13 ||    15
         Falchion          |       |    82 |   299 ||   381
  Throw: Dart              |    22 |       |       ||    22
         Throwing net      |       |       |     2 ||     2
   Cast: Sting             |    32 |    20 |    78 ||   130
  Evoke: Wand              |       |     9 |     5 ||    14
    Use: Potion            |     1 |     2 |     1 ||     4
         Scroll            |       |       |    11 ||    11
   Stab: Sleeping          |     1 |     2 |     2 ||     5
 Armour: Leather armour    |    32 |    25 |   138 ||   195
  Dodge: Dodged            |    65 |    60 |   186 ||   311
  Block: Other             |       |    10 |    87 ||    97
         Reflection        |       |       |     2 ||     2

Table legend: (Time is in decaauts)
 A = Elapsed time spent in this place.
 B = Non-inter-level travel time spent in this place.
 C = Inter-level travel time spent in this place.
 D = Time resting spent in this place.
 E = Time spent auto-exploring this place.
 F = Levels seen in this place.
 G = Mean time per level.
                   A        B        C        D        E       F      G
               +--------+--------+--------+--------+--------+-----+--------+
         Total |   6477 |   6303 |    174 |    531 |   4141 |   8 |  809.6 |
       Dungeon |   5766 |   5592 |    174 |    442 |   3846 |   7 |  823.7 |
       Ossuary |    711 |    711 |      0 |     89 |    295 |   1 |  711.0 |
               +--------+--------+--------+--------+--------+-----+--------+

Top non-repeatable levels by time:
     D:6: 1127 daAuts
     D:4: 926 daAuts
     D:1: 793 daAuts
     D:2: 770 daAuts
     D:3: 733 daAuts
     D:7: 731 daAuts
 Ossuary: 711 daAuts
     D:5: 683 daAuts
